 Dungeon Crawl Stone Soup version 0.28-a0-239-g68911e0c57 (webtiles) character file.

Game seed: 5408990007190562134

111563 EnronHubbard the Severer (level 16, -2/157 HPs)
             Began as a Hill Orc Brigand on Aug 23, 2021.
             Was the Champion of Beogh.
             Slain by a death yak (12 damage)
             ... led by Polyphemus
             ... on level 2 of the Shoals.
             The game lasted 01:09:44 (37524 turns).

EnronHubbard the Severer (Hill Orc Brigand)        Turns: 37524, Time: 01:09:44

Health: -2/157     AC: 27    Str: 25    XL:     16   Next: 58%
Magic:  17/23      EV:  9    Int: 15    God:    Beogh [******]
Gold:   795        SH:  5    Dex: 12    Spells: 15/15 levels left

rFire   . . .      SeeInvis +   u - +1 broad axe (vamp)
rCold   . . .      Faith    +   e - +0 buckler
rNeg    . . .      Spirit   .   A - +0 plate armour
rPois   .          Reflect  .   g - +3 crown of Dyrovepreva {rElec Int+2 SInv}
rElec   +          Harm     .   c - +0 cloak
rCorr   .          Rampage  .   (no gloves)
Will    ++...                   k - +0 pair of boots
Stlth   ..........              G - amulet of faith
HPRegen 0.36/turn               f - ring of willpower
MPRegen 0.18/turn               H - ring "Gooleuss" {AC+4 Str+4 Int+2}

@: studying 2 skills, recalling
A: walk on water
a: Renounce Religion, Smiting, Stop Recall, Give Item to Named Follower,
Resurrection


You were on level 2 of the Shoals.
You worshipped Beogh.
Beogh was exalted by your worship.
You visited 4 branches of the dungeon, and saw 25 of its levels.
You also visited: Bailey.

You collected 4009 gold pieces.
You spent 3214 gold pieces at shops.

Inventory:

Hand Weapons
 u - a +1 vampiric broad axe (weapon)
Missiles
 p - 4 throwing nets
 r - 60 poisoned darts (quivered)
 s - 9 curare-tipped darts
Armour
 c - a +0 cloak (worn)
 e - a +0 buckler (worn)
 g - the +3 crown of Dyrovepreva (worn) {rElec Int+2 SInv}
   (You bought it in a shop on level 2 of the Orcish Mines)

   Int:       It affects your intelligence (+2).
   rElec:     It insulates you from electricity.
   SInv:      It lets you see invisible.
 k - a +0 pair of boots (worn)
 A - a +0 plate armour (worn)
Jewellery
 f - a ring of willpower (left hand)
 G - an amulet of faith (around neck)
 H - the ring "Gooleuss" (right hand) {AC+4 Str+4 Int+2}
   (You bought it in a shop on level 3 of the Dungeon)

   [ring of protection]

   AC:        It affects your AC (+4).
   Str:       It affects your strength (+4).
   Int:       It affects your intelligence (+2).
 S - a ring of see invisible
Wands
 m - a wand of flame (54)
 y - a wand of polymorph (12)
 D - a wand of digging (2)
 F - a wand of paralysis (11)
 K - a wand of iceblast (32)
 O - a wand of mindburst (4)
Scrolls
 i - a scroll of identify
 l - a scroll of summoning {unknown}
 t - 8 scrolls of teleportation
 w - 4 scrolls of fog
 x - 2 scrolls of brand weapon
 B - a scroll of blinking
 E - a scroll of silence
 L - a scroll of holy word
 N - 3 scrolls of enchant armour
 Q - a scroll of torment {unknown}
Potions
 a - 2 potions of invisibility
 b - 3 potions of lignification
 d - a potion of might
 h - 2 potions of haste
 j - 3 potions of flight
 n - a potion of resistance
 o - 2 potions of cancellation
 q - 7 potions of curing
 v - 3 potions of ambrosia
 z - a potion of attraction
 C - a potion of berserk rage
 J - 3 potions of mutation
 M - a potion of magic
Miscellaneous
 P - a phantom mirror


   Skills:
 - Level 18.0 Fighting
 - Level 2.0 Short Blades
 - Level 20.0 Axes
 - Level 2.0 Throwing
 - Level 16.0 Armour
 - Level 5.0 Dodging
 - Level 3.2 Stealth
 + Level 6.8 Shields
 + Level 10.3 Invocations
 - Level 4.0 Evocations


You had 15 spell levels left.
You didn't know any spells.
Your spell library contained the following spells:

 Spells                   Type           Power      Damage    Failure   Level
 Pain                     Necr           0%         1d4       88%         1
 Sandblast                Erth           0%         2d4       88%         1
 Blink                    Tloc           N/A        N/A       95%         2
 Passwall                 Tmut/Erth      0%         N/A       95%         2
 Gell's Gravitas          Tloc           0%         N/A       99%         3
 Portal Projectile        Hex/Tloc       0%         N/A       99%         3
 Teleport Other           Tloc           0%         N/A       99%         3
 Summon Ice Beast         Ice/Summ       0%         N/A       100%        4
 Agony                    Necr           0%         N/A       100%        5
 Alistair's Intoxication  Tmut/Pois      0%         N/A       100%        5
 Blade Hands              Tmut           0%         N/A       100%        5
 Borgnjor's Vile Clutch   Necr/Erth      0%         N/A       100%        5
 Excruciating Wounds      Necr           0%         N/A       100%        5
 Irradiate                Conj/Tmut      0%         3d14      100%        5
 Lee's Rapid Deconstruct  Erth           0%         3d5*      100%        5
 Manifold Assault         Tloc           0%         N/A       100%        5
 Summon Mana Viper        Hex/Summ       0%         N/A       100%        5
 Dispersal                Tloc           0%         N/A       100%        6
 Eringya's Noxious Bog    Tmut/Pois      0%         N/A       100%        6
 Dragon Form              Tmut           0%         N/A       100%        7
 Monstrous Menagerie      Summ           0%         N/A       100%        7
 Storm Form               Tmut/Air       0%         N/A       100%        7
 Disjunction              Tloc           0%         N/A       100%        8
 Chain Lightning          Conj/Air       0%         N/A       100%        9
 Fire Storm               Conj/Fire      0%         5d1       100%        9


Dungeon Overview and Level Annotations

Branches:
Dungeon (15/15)            Temple (0/1) D:7            Lair (6/6) D:8
 Shoals (2/4) Lair:2       Spider (0/4) Lair:2        Slime (0/5) Lair:6
    Orc (2/2) D:11            Elf (0/3) Orc:2        Vaults (0/5) D:13
 Bailey (visited)
 Depths: D:15

Altars:
Dithmenos
Elyvilon
Fedhas
Kikubaaqudgha
Makhleb
Okawaru
Qazlal
Trog
Vehumet
Xom
Zin
The Shining One
Beogh

Shops:
D:3 =?==   Orc:2 (*[:   Shoals:1 (

Portals:
Hell: Lair:6

Annotations:
D:13 exclusion: statue
D:14 exclusion: 3 doors
Lair:1 exclusion: oklob plant
Lair:2 3 runed translucent doors, Upleoris's ghost, journeyman TrMo
Lair:6 exclusion: door
Shoals:1 Nikola
Shoals:2 Polyphemus; Urug


Message History

You smite the merfolk javelineer!
You kill the merfolk javelineer!
Beogh accepts your kill.
Your orc priest is recalled.
Your orc is recalled.
Your orc knight is recalled.
The plant is engulfed in calcifying dust.
The merfolk hits Harm with a +0 trident!
Syrus completely misses the death yak.
Your orc knight hits the death yak with a +0 great sword!!
Harm is engulfed in calcifying dust.
Harm is moving more slowly.
Harm hits the merfolk with a +0 war axe!
Harm hits the death yak with a +0 war axe!!
Harm hits the snapping turtle with a +0 war axe!
Your orc knight splashes around in the water.
Urug is engulfed in calcifying dust.
The death yak gores Harm!!
Harm dies!
You hear a splash. x3
The snapping turtle bites your orc knight!
The death yak bellows!
You now have 16/23 mp.
You swap places.
Your orc warrior is recalled. x2
A nearby plant withers and dies.
Your orc knight roars a battlecry!
Your orcs go into a battle-frenzy!
Your orc knight splashes around in the water.
Your orc knight closely misses the merfolk.
The death yak gores Urug!!
Urug dies!
The merfolk is engulfed in calcifying dust.
The merfolk is moving more slowly.
The merfolk closely misses you.
The snapping turtle bites your orc knight!!
Your orc wizard is recalled.
Your orc warrior is recalled.
The death yak gores you.
* * * LOW HITPOINT WARNING * * *
Your orc knight roars a battlecry!
Your orcs go into a battle-frenzy!
Your orc knight barely misses the snapping turtle.
The death yak gores you!
You die...

≈≈≈≈≈≈≈≈≈≈≈≈≈..))).....
≈≈≈≈≈≈≈≈≈≈≈≈≈≈..##(.....
≈§≈≈≈≈≈≈≈≈≈≈≈.^# ##..##.
≈≈§≈P≈≈≈≈≈..≈.#####...##
P≈≈§≈≈≈≈≈≈≈≈≈...##....≈≈
≈≈≈≈≈≈≈oo≈≈............P
≈≈≈≈≈ooooo≈)......P.....
≈P≈≈≈tmoooo≈...≈......≈≈
≈≈P≈≈CY@oo≈≈...≈..PP≈≈.≈
≈≈≈≈≈(Yooo≈≈.....≈PP.≈≈P
≈≈≈≈≈≈##oo≈.....P.PP.PP≈
≈≈≈≈≈P.#....###P.P≈≈PP≈≈
≈≈≈≈P≈......####.≈≈≈≈≈≈≈
≈≈≈≈≈P≈......###.PP≈≈≈≈≈
≈≈≈..........P.#..P≈≈≈≈≈
≈≈≈........≈≈≈..≈≈≈≈≈≈≈≈
........≈≈≈≈≈≈≈≈≈≈≈≈≈


You could see Polyphemus, 2 death yaks, a snapping turtle (ally target), a
merfolk (petrifying, ally target), 6 friendly orc knights, the friendly Bolgrim
the orc knight (strong), the friendly Marbork the orc knight (strong), 6
friendly orc warriors, a friendly orc priest (strong), a friendly orc wizard
(strong), the friendly Syrus the orc wizard (strong) and a friendly orc
(strong).

Vanquished Creatures
  Jorgrun (D:14)
  Frances (Shoals:1)
  Nessos (Lair:4)
  Snorg (Lair:6)
  2 merfolk javelineers
  A merfolk impaler (Shoals:2)
  2 ettins (Orc:2)
  2 boulder beetles (Lair:6)
  An ice dragon (Lair:5)
  Harold (D:7)
  8 vault guards (D:13)
  3 merfolk avatars
  A catoblepas (Lair:6)
  15 hydras
  2 centaur warriors
  A satyr (Shoals:2)
  A merfolk aquamancer (Shoals:1)
  Erica (Lair:1)
  5 two-headed ogres
  2 tengu warriors (D:13)
  4 death yaks (Lair:5)
  Sonja (D:10)
  Nergalle (Lair:1)
  A sixfirhy (Lair:6)
  3 skeletal warriors (D:13)
  A sea snake (Shoals:2)
  A wizard (Lair:6)
  A lindwurm (Lair:1)
  9 harpies
  An orc knight (Orc:1)
  10 cyclopes
  9 elephants
  A moth of wrath (D:8)
  3 manticores (Shoals:1)
  5 fauns
  2 merfolk sirens (Shoals:1)
  5 black mambas
  A torpor snail (Lair:6)
  A gargoyle (D:14)
  9 cane toads
  A rime drake (Lair:6)
  An unseen horror (D:12)
  3 kobold demonologists (D:9)
  2 orange demons (Lair:6)
  2 ice devils (Lair:6)
  An efreet (D:13)
  11 komodo dragons
  A hellwing (Lair:6)
  2 trolls (D:11)
  3 jumping spiders (Lair:2)
  2 red devils (Lair:6)
  A wolf spider simulacrum (D:12)
  11 merfolk
  2 polar bears (Lair:5)
  A hornet (D:9)
  14 blink frogs
  4 snapping turtles
  9 dream sheep
  2 wind drakes
  Sigmund (D:2)
  5 redbacks (Lair:2)
  4 water elementals (Shoals:1)
  3 shadows
  A basilisk (shapeshifter) (D:14)
  4 wyverns
  Grum (D:9)
  3 steam dragons
  53 yaks
  3 vampire mosquitoes (D:13)
  4 basilisks
  A water moccasin (shapeshifter) (D:9)
  4 hell hounds (Lair:6)
  3 wargs
  12 water moccasins
  7 orc warriors
  2 ice beasts
  3 sky beasts (D:6)
  2 black bears (Lair:4)
  2 necrophages (D:8)
  5 ogres
  13 centaurs
  13 wolves
  2 phantoms
  Blork the orc (D:4)
  3 kobold brigands
  A wyvern zombie (D:6)
  14 bullfrogs
  3 scorpions
  2 wyvern skeletons
  4 killer bees
  7 wights
  7 electric eels
  5 centaur zombies
  5 howler monkeys
  A bullfrog zombie (D:6)
  7 orc priests
  2 gnoll shamans
  5 hounds
  3 jellies
  A bullfrog skeleton (D:6)
  A centaur skeleton (D:7)
  5 iguanas
  8 orc wizards
  A hell rat (Lair:6)
  2 killer bee zombies
  Robin (D:3)
  7 river rats (Lair:6)
  5 adders
  8 gnolls
  3 howler monkey skeletons (D:4)
  A white imp (D:8)
  5 ufetubi
  3 worms
  2 dart slugs
  32 orcs
  10 endoplasms
  3 giant cockroaches
  16 goblins
  10 hobgoblins
  7 jackals
  2 quokkas
  4 ball pythons
  8 bats
  7 kobolds
  11 rats
578 creatures vanquished.

Vanquished Creatures (collateral kills)
  An orc warlord (Orc:2)
  A stone giant (Orc:2)
  An ettin (Orc:2)
  A boulder beetle (D:10)
  A catoblepas (Shoals:2)
  A death yak (Shoals:2)
  A two-headed ogre (D:10)
  A skeletal warrior (D:13)
  A sea snake (Shoals:1)
  2 ugly things (D:13)
  5 cyclopes (Orc:2)
  6 fauns (Shoals:1)
  A manticore (D:13)
  A centaur zombie (D:10)
  Joseph (D:10)
  2 merfolk sirens (Shoals:1)
  3 trolls (Orc:1)
  A merfolk (Shoals:2)
  A dream sheep (Shoals:1)
  A snapping turtle (Shoals:1)
  A wraith (D:11)
  4 yaks
  2 wargs
  An acid dragon (D:11)
  2 orc warriors (Orc:1)
  An ogre (Orc:2)
  3 orc priests
  4 orc wizards
  10 orcs
61 creatures vanquished.

Vanquished Creatures (others)
  3 orc knights
  Urug (Shoals:2)
  5 orc warriors (Orc:2)
  4 orc wizards
  9 orc priests
  21 orcs
  64 fungi
  123 plants
230 creatures vanquished.

Grand Total: 869 creatures vanquished

Notes
Turn   | Place    | Note
-------+----------+-------------------------------------------
     0 | D:1      | EnronHubbard the Hill Orc Brigand began the quest for the
                  | Orb.
     0 | D:1      | Reached XP level 1. HP: 18/18 MP: 1/1
   320 | D:1      | Reached XP level 2. HP: 18/26 MP: 2/2
  1233 | D:1      | Reached skill level 1 in Axes
  1233 | D:1      | Reached XP level 3. HP: 18/33 MP: 3/3
  1503 | D:2      | Reached skill level 2 in Axes
  1796 | D:2      | Noticed Sigmund
  2060 | D:2      | Reached skill level 3 in Axes
  2060 | D:2      | Reached XP level 4. HP: 17/40 MP: 4/4
  2664 | D:2      | Found a faded altar of an unknown god.
  3121 | D:3      | Noticed Robin
  3155 | D:3      | Reached skill level 4 in Axes
  3238 | D:3      | Found Zuawawob's Jewellery Shoppe.
  3242 | D:3      | Became a worshipper of Beogh the Brigand
  3354 | D:3      | Reached XP level 5. HP: 44/46 MP: 5/5
  3439 | D:3      | Killed Robin
  3440 | D:3      | Reached skill level 5 in Axes
  3600 | D:3      | Found Qaceucse's Jewellery Shoppe.
  3601 | D:3      | Found Bukinn's Magic Scroll Shop.
  3681 | D:3      | Found Pabbybb's Jewellery Shop.
  3724 | D:3      | Found a white marble altar of Elyvilon.
  3934 | D:4      | Noticed Blork the orc
  3986 | D:5      | Entered Level 5 of the Dungeon
  4004 | D:4      | Found a shadowy altar of Dithmenos.
  4038 | D:4      | Reached skill level 6 in Axes
  4038 | D:4      | Reached XP level 6. HP: 52/52 MP: 6/6
  4078 | D:4      | Reached * piety under Beogh
  4092 | D:4      | Reached skill level 7 in Axes
  4462 | D:4      | Reached skill level 8 in Axes
  4462 | D:4      | Reached XP level 7. HP: 60/60 MP: 7/7
  4737 | D:4      | Killed Blork the orc
  4857 | D:4      | Reached skill level 5 in Fighting
  4914 | D:4      | Found a blossoming altar of Fedhas.
  5306 | D:5      | Reached skill level 9 in Axes
  5683 | D:5      | Reached XP level 8. HP: 70/70 MP: 8/8
  5702 | D:5      | Found an ancient bone altar of Kikubaaqudgha.
  5748 | D:5      | Reached ** piety under Beogh
  5749 | D:5      | Reached skill level 10 in Axes
  5960 | D:5      | Noticed a yak
  5960 | D:5      | Noticed a yak
  5960 | D:5      | Noticed a yak
  5960 | D:5      | Noticed a yak
  5974 | D:5      | Noticed a yak
  5982 | D:5      | Killed a yak
  5991 | D:5      | Killed a yak
  6005 | D:5      | Killed a yak
  6016 | D:5      | Killed a yak
  6023 | D:5      | Killed a yak
  6024 | D:5      | Reached XP level 9. HP: 41/81 MP: 8/11
  6449 | D:6      | Reached skill level 5 in Invocations
  6830 | D:6      | Reached skill level 11 in Axes
  7283 | D:6      | Reached skill level 10 in Fighting
  7283 | D:6      | Reached skill level 12 in Axes
  7327 | D:6      | Reached XP level 10. HP: 92/93 MP: 7/13
  7722 | D:7      | Noticed Harold
  7733 | D:7      | Killed Harold
  7734 | D:7      | Reached skill level 13 in Axes
  7734 | D:7      | Reached skill level 1 in Shields
  7919 | D:7      | Noticed an angel
  7931 | D:7      | Found a shimmering altar of Xom.
  7935 | D:7      | Found a glowing silver altar of Zin.
  7940 | D:7      | Found a stormy altar of Qazlal.
  8207 | D:7      | Found a staircase to the Ecumenical Temple.
  8315 | D:8      | Reached skill level 1 in Evocations
  8378 | D:8      | Noticed a moth of wrath
  8381 | D:8      | Found a bloodstained altar of Trog.
  8396 | D:8      | Killed a moth of wrath
  8716 | D:8      | Found a staircase to the Lair.
  9334 | D:8      | Reached skill level 5 in Armour
  9496 | D:9      | Found a flagged portal.
  9503 | D:9      | Noticed a two-headed ogre
  9514 | D:9      | Reached XP level 11. HP: 41/101 MP: 13/16
  9521 | Bailey   | Entered a bailey
  9707 | D:9      | Noticed a cyclops
  9728 | D:9      | HP: 3/101 [two-headed ogre (10)]
  9730 | D:9      | Killed a two-headed ogre
  9745 | D:9      | Killed a cyclops
  9746 | D:9      | Reached skill level 14 in Axes
  9770 | D:9      | Noticed Grum
 10048 | D:3      | Bought an amulet of faith for 400 gold pieces
 10259 | D:9      | Noticed a soul eater
 10851 | Lair:1   | Entered Level 1 of the Lair of Beasts
 11593 | Lair:1   | Noticed a lindwurm
 11617 | Lair:1   | Killed a lindwurm
 11947 | Lair:1   | Noticed Nergalle
 11964 | Lair:1   | Killed Nergalle
 11969 | Lair:1   | Reached skill level 15 in Axes
 12426 | Lair:1   | Noticed an oklob plant
 12597 | Lair:1   | Noticed Erica
 12604 | Lair:1   | Killed Erica
 12604 | Lair:1   | Reached *** piety under Beogh
 12605 | Lair:1   | Reached XP level 12. HP: 84/113 MP: 17/17
 13170 | Lair:2   | Noticed an eight-headed hydra
 13185 | Lair:2   | Killed a four-headed hydra
 14200 | Lair:2   | Found a runed translucent gate.
 14202 | Lair:2   | Found a runed translucent gate.
 14205 | Lair:2   | Found a runed translucent gate.
 14206 | Lair:2   | Noticed a minotaur
 14351 | Lair:2   | Noticed Upleoris's ghost (journeyman TrMo)
 14357 | Lair:2   | Found a staircase to the Shoals.
 14611 | Lair:2   | Found a hole to the Spider Nest.
 14624 | Lair:2   | Reached skill level 16 in Axes
 16260 | Lair:3   | Noticed a six-headed hydra
 16273 | Lair:3   | Killed a one-headed hydra
 16819 | Lair:3   | You fall into a shaft and drop 2 floors!
 16857 | Lair:5   | Reached skill level 17 in Axes
 17010 | Lair:4   | Noticed Nessos
 17016 | Lair:4   | Killed Nessos
 17017 | Lair:4   | Reached XP level 13. HP: 125/125 MP: 18/18
 17135 | Lair:4   | Reached skill level 15 in Fighting
 18129 | Lair:3   | Identified a scroll of acquirement
 18129 | Lair:3   | Acquired 489 gold pieces
 18351 | D:3      | Bought the ring "Gooleuss" {AC+4 Str+4 Int+2} for 667 gold
                  | pieces
 19856 | Lair:5   | Reached **** piety under Beogh
 20607 | Lair:5   | Noticed an ice dragon
 20628 | Lair:5   | Killed an ice dragon
 20629 | Lair:5   | Reached skill level 18 in Axes
 20631 | Lair:5   | Reached skill level 10 in Armour
 21905 | Lair:6   | Entered Level 6 of the Lair of Beasts
 22095 | Lair:5   | Reached XP level 14. HP: 103/135 MP: 19/19
 22395 | Lair:6   | Reached skill level 19 in Axes
 22560 | Lair:6   | Found a staircase to the Slime Pits.
 22584 | Lair:6   | Reached skill level 1 in Dodging
 22767 | Lair:6   | Noticed Snorg
 22782 | Lair:6   | Killed Snorg
 23158 | Lair:6   | Reached skill level 5 in Dodging
 23201 | Lair:6   | Noticed a dire elephant
 23692 | Lair:6   | Reached ***** piety under Beogh
 23834 | Lair:6   | Found a burning altar of Makhleb.
 24640 | Lair:6   | Found a gateway to Hell.
 24959 | D:3      | Bought a scroll of acquirement for 624 gold pieces
 24959 | D:3      | Acquired 737 gold pieces
 25027 | D:2      | Killed Sigmund
 25986 | D:9      | Killed Grum
 26255 | D:9      | Gained Bolgrim as an ally
 26458 | D:10     | Entered Level 10 of the Dungeon
 26483 | D:10     | Noticed Sonja
 26483 | D:10     | Noticed Joseph
 26490 | D:10     | Killed Sonja
 26494 | D:10     | Killed Joseph
 27510 | D:10     | Found a glowing golden altar of the Shining One.
 27594 | D:11     | Acquired a manual of Armour
 27704 | D:11     | Identified the +10 whip "Onuis" {vorpal, rN++}
 28270 | D:11     | Found a staircase to the Orcish Mines.
 28271 | D:11     | Found a roughly hewn altar of Beogh.
 28462 | D:11     | Reached XP level 15. HP: 145/145 MP: 20/20
 28626 | D:12     | You fall into a shaft and drop 2 floors!
 28647 | D:14     | Gained Marbaugh as an ally
 28748 | D:14     | Noticed Jorgrun
 28755 | D:14     | Your ally Marbaugh died
 28762 | D:14     | Killed Jorgrun
 28914 | D:13     | Reached ****** piety under Beogh
 29903 | D:13     | Found a gate to the Vaults.
 30118 | D:12     | Found an iron altar of Okawaru.
 30213 | D:12     | Gained Syrus as an ally
 30570 | D:12     | Reached skill level 20 in Axes
 30792 | D:13     | Gained Marbork as an ally
 31106 | D:13     | Identified the +2 pair of boots of Valiance {rN++ Str-5}
 31323 | D:13     | Found a radiant altar of Vehumet.
 31323 | D:13     | Noticed Urug
 32122 | D:14     | Saving game... please wait.
 32122 | D:14     | Upgraded the game from 0.28-a0-233-gb8ca4b6547 to
                  | 0.28-a0-239-g68911e0c57
 32122 | D:14     | Saving game... please wait.
 32136 | D:15     | Entered Level 15 of the Dungeon
 32225 | Orc:1    | Entered Level 1 of the Orcish Mines
 32501 | Orc:1    | Found a roughly hewn altar of Beogh.
 32719 | Orc:2    | Entered Level 2 of the Orcish Mines
 32726 | Orc:2    | Found a staircase to the Elven Halls.
 32735 | Orc:2    | Found Naoq's Antique Weapon Emporium.
 32743 | Orc:2    | Noticed an orc warlord
 32751 | Orc:2    | Killed an orc warlord
 32752 | Orc:2    | Reached skill level 15 in Armour
 32753 | Orc:2    | Gained Harm as an ally
 33118 | Orc:2    | Found Dito's Antique Armour Shop.
 33186 | Orc:2    | Gained Orkwin as an ally
 33200 | Orc:2    | Found Olerph's General Store.
 33533 | Orc:2    | Bought the +3 crown of Dyrovepreva {rElec Int+2 SInv} for
                  | 1200 gold pieces
 33533 | Orc:2    | Found the +3 crown of Dyrovepreva {rElec Int+2 SInv}
 33624 | Orc:2    | Found Metustub's Book Emporium.
 34076 | Orc:2    | Bought a runed broad axe for 196 gold pieces
 34309 | Orc:2    | Bought a scroll of enchant armour for 127 gold pieces
 34531 | Shoals:1 | Entered Level 1 of the Shoals
 34700 | Shoals:1 | Reached XP level 16. HP: 157/157 MP: 21/21
 34778 | Shoals:1 | Gained Wulfoc as an ally
 34782 | Shoals:1 | Found Rathoada's Weapon Shoppe.
 34809 | Shoals:1 | Noticed Frances
 34815 | Shoals:1 | Killed Frances
 34953 | Shoals:1 | Gained Borgun as an ally
 35100 | Shoals:1 | HP: 3/157 [merfolk javelineer/javelin (17)]
 35632 | Shoals:1 | Your ally Borgun died
 35658 | Shoals:1 | Noticed Nikola
 36274 | Shoals:1 | Reached skill level 5 in Shields
 36276 | Shoals:1 | Your ally Wulfoc died
 36938 | Shoals:2 | Reached skill level 10 in Invocations
 37512 | Shoals:2 | Noticed Polyphemus
 37522 | Shoals:2 | Your ally Harm died
 37523 | Shoals:2 | Your ally died
 37524 | Shoals:2 | Slain by a death yak

Illustrated notes

Levels and vault maps discovered:
D:1:      minmay_arrival_stone_box, layout_loops_cross, minivault_5,
          minmay_pentomino_x2
D:2:      layout_basic, hellmonk_ecumenical_altar_heavens_door,
          minmay_misc_feat_room, minmay_misc_feat_nine_boxes, dk_noncrumbling_2,
          hangedman_decor_growths, uniq_sigmund
D:3:      layout_basic, elyvilon_altar_4, serial_shops, shop,
          nicolae_square_shop, nicolae_square_shop, shop, uniq_robin
D:4:      layout_basic, kennysheep_little_box, mainiacjoe_overflow_alcove_2,
          kennysheep_generic_room_9, uniq_blork_the_orc
D:5:      layout_loops_ring, mainiacjoe_overflow_chevrons
D:6:      minmay_razor_zed, layout_rooms, centaur_isle
D:7:      layout_cave_pools, mainiacjoe_overflow_alcove_1,
          grunt_temple_overflow_order_and_chaos_1,
          minmay_temple_entry_statues_pillars, minmay_crossroads, uniq_harold
D:8:      layout_cave_pods, tgw_trog, david_lair_shrubbed
D:9:      layout_basic, enter_bailey_2, onia_ninara_dug_in_and_dangerous,
          uniq_grum
D:10:     layout_basic, kennysheep_mini, serial_corexii_hall,
          chequers_hall_statues_y, corexii_hall_statues_i,
          corexii_hall_statues_i, uniq_sonja, uniq_joseph
D:11:     layout_long_grid, david_orc_5
D:12:     layout_loops_ring, kennysheep_okawaru_gauntlet
D:13:     layout_gridville, erik_vaults_2, serial_bayou_ford_a, vehumet_statue,
          uniq_urug
D:14:     layout_roguey, kennysheep_cross_bottleneck, drop_trap, uniq_jorgrun
D:15:     gammafunk_depths_entry_grave, layout_loops_ring, serial_glass,
          glass_columns_b, glass_columns_c, good_gods_mini_temple,
          dk_noncrumbling_4
Lair:1:   layout_loops_ring, nicolae_quartered_pool_super,
          grunt_forest_stairs_basic, st_stairs_9, minmay_lair_oklob_chamber,
          uniq_nergalle, uniq_erica
Lair:2:   layout_loops_ring, minmay_shoals_entry_hut,
          nicolae_spider_entry_tight_spaces, maelrawn_ghost_gauntlet_escape,
          serial_bayou_lagoon_b
Lair:3:   layout_gridlike, lemuel_fruit_fields, serial_bayou_shore_b
Lair:4:   layout_concentric_octagons, gammafunk_lair_bear_cave,
          serial_bayou_shore_a, infiniplex_staircase_pool_2, uniq_nessos
Lair:5:   layout_cave_pods, portal_ice_cave_entry_animals_and_master
Lair:6:   evil_forest, layout_gridlike, slime_dummy, serial_bayou_pond_b,
          kennysheep_abandoned_house, lemuel_fruit_tree, uniq_snorg
Shoals:1: layout_shoals, serial_shops, nicolae_diamond_shop,
          nicolae_shoals_nautilus_by_nature, uniq_nikola, uniq_frances
Shoals:2: layout_shoals, uniq_polyphemus
Orc:1:    nicolae_orc_accident_2, layout_diamond_mine
Orc:2:    grunt_orc_gardens, layout_diamond_mine, grunt_orc_garden,
          grunt_orc_garden, grunt_orc_garden, grunt_orc_garden

Skill      XL: |  1  2  3  4  5  6  7  8  9 10 11 12 13 14 15 16 |
---------------+-------------------------------------------------+-----
Throwing       | 2 |  2.0
Fighting       | 3 4 6 8 10 12 14 15 16 17 18 | 18.0
Axes           | 1 3 4 6 8 9 10 12 13 15 17 18 19 20 | 20.0
Armour         | 4 5 7 8 11 13 15 16 | 16.0
Invocations    | 3 5 7 10 | 10.3
Shields        | 1 2 6 |  6.8
Evocations     | 4 |  4.0
Dodging        | 5 |  5.0
Short Blades   | |  2.0
Stealth        | |  3.2

Action                   |  1- 3 |  4- 6 |  7- 9 | 10-12 | 13-15 | 16-18 || total
-------------------------+-------+-------+-------+-------+-------+-------++-------
Melee: Dagger            |    80 |    88 |       |       |       |       ||   168
       War axe           |       |   116 |   331 |   299 |       |       ||   746
       Battleaxe         |       |       |       |   280 |   805 |       ||  1085
       Broad axe         |       |       |       |       |    49 |   228 ||   277
Throw: Dart              |    18 |    14 |    39 |    42 |    20 |       ||   133
       Throwing net      |       |       |       |     1 |     1 |       ||     2
Invok: Convert to Beogh  |       |     1 |       |       |       |       ||     1
       Smiting           |       |       |     6 |    22 |    10 |    12 ||    50
       Recall Orcish Fol |       |       |       |       |     3 |     1 ||     4
       Give Item to Name |       |       |       |       |     2 |       ||     2
Evoke: Wand              |       |       |       |    12 |     5 |     2 ||    19
  Use: Scroll            |       |     1 |     2 |    19 |    16 |     5 ||    43
       Potion            |       |       |       |     9 |       |     1 ||    10
 Stab: Sleeping          |     1 |     4 |       |       |       |       ||     5
       Invisible         |       |       |       |     4 |       |       ||     4
       Paralysed         |       |       |       |     3 |     1 |       ||     4
       Held in net/web   |       |       |       |     1 |     3 |       ||     4
       Distracted        |       |       |       |       |     3 |     1 ||     4
       Petrifying        |       |       |       |       |       |     1 ||     1
Armor: Robe              |    34 |     5 |       |       |       |       ||    39
       Ring mail         |       |    90 |    16 |       |       |       ||   106
       Plate armour      |       |       |   196 |   363 |   591 |   177 ||  1327
Dodge: Dodged            |    53 |   112 |    94 |   128 |   307 |   101 ||   795
Block: Buckler           |       |       |       |    54 |     9 |    52 ||   115

Table legend: (Time is in decaauts)
 A = Elapsed time spent in this place.
 B = Non-inter-level travel time spent in this place.
 C = Inter-level travel time spent in this place.
 D = Time resting spent in this place.
 E = Time spent auto-exploring this place.
 F = Levels seen in this place.
 G = Mean time per level.
                   A        B        C        D        E       F      G
               +--------+--------+--------+--------+--------+-----+--------+
         Total |  37273 |  34407 |   2866 |  10244 |  18869 |  26 | 1433.6 |
       Dungeon |  18356 |  16288 |   2068 |   3671 |   9557 |  15 | 1223.7 |
          Lair |  13757 |  13192 |    565 |   4315 |   7404 |   6 | 2292.8 |
        Shoals |   2914 |   2883 |     31 |   1274 |   1102 |   2 | 1457.0 |
  Orcish Mines |   2092 |   1892 |    200 |    906 |    806 |   2 | 1046.0 |
        Bailey |    152 |    152 |      0 |     77 |      0 |   1 |  152.0 |
               +--------+--------+--------+--------+--------+-----+--------+

Top non-repeatable levels by time:
  Lair:5: 3474 daAuts
  Lair:1: 2846 daAuts
  Lair:2: 2483 daAuts
Shoals:1: 2161 daAuts
  Lair:6: 2136 daAuts
     D:6: 1806 daAuts
     D:9: 1682 daAuts
     D:2: 1660 daAuts
    D:13: 1625 daAuts
     D:4: 1524 daAuts
     D:8: 1511 daAuts
     D:1: 1464 daAuts
  Lair:3: 1423 daAuts
   Orc:2: 1412 daAuts
  Lair:4: 1393 daAuts
